 Dungeon Crawl Stone Soup version 0.28.0-45-g0d030f2227 (webtiles) character file.

Game seed: 2313041421321797617

1111 MalarOregon the Chiller (level 8, 0/55 (64) HPs)
             Began as a Palentonga Ice Elementalist on Apr 18, 2022.
             Slain by a sky beast (6 damage)
             ... on level 5 of the Dungeon.
             The game lasted 00:17:56 (6396 turns).

MalarOregon the Chiller (PaIE)                      Turns: 6396, Time: 00:17:57

HP:   0/55 (64)     AC: 12    Str: 12    XL:     8   Next: 11%
MP:   2/14          EV:  9    Int: 18    God:
Gold: 212           SH:  0    Dex: 10    Spells: 5/15 levels left

rFire   + . .      SeeInvis +   m - staff of fire
rCold   . . .      Faith    .   (no shield)
rNeg    . . .      Spirit   .   a - +0 robe
rPois   .          Reflect  .   (no helmet)
rElec   .          Harm     .   (no cloak)
rCorr   .          Rampage  .   j - +0 pair of gloves
Will    .....                   (no barding)
Stlth   +.........              (no amulet)
HPRegen 0.18/turn               (no ring)
MPRegen 0.14/turn               (no ring)

@: freezing walls, heavily drained, curled up
A: large, rugged brown scales 3, see invisible, deformed body, roll 1, armoured
tail, reflexive curl
a: Rolling Charge


You were on level 5 of the Dungeon.
You visited 1 branch of the dungeon, and saw 5 of its levels.
You also visited: Sewer.

You collected 212 gold pieces.


Innate Abilities, Weirdness & Mutations

You are completely covered in rugged brown scales. (AC +3, +7% HP)
You have supernaturally acute eyesight. (SInv)
Armour fits poorly on your strangely shaped body.
You can roll at nearby foes to attack.
You have a long armoured tail.
You curl defensively after being hit. (AC +7*)


   Skills:
 + Level 4.2 Fighting
 + Level 3.2 Staves
 - Level 1.5 Dodging
 - Level 1.2 Stealth
 + Level 4.4 Spellcasting
 * Level 6.2 Ice Magic


You had 5 spell levels left.
You knew the following spells:

 Your Spells              Type           Power      Damage    Failure   Level
a - Freeze                Ice            100%       1d11      1%          1
b - Frozen Ramparts       Ice            52%        1d7       3%          3
c - Ozocubu's Armour      Ice            26%        N/A       3%          3
f - Mephitic Cloud        Conj/Pois/Air  3%         N/A       38%         3

Your spell library contained the following spells:

 Spells                   Type           Power      Damage    Failure   Level
 Beastly Appendage        Tmut           6%         N/A       14%         1
 Wereblood                Tmut           3%         N/A       22%         2
 Hailstorm                Conj/Ice       15%        3d5       36%         4
 Spider Form              Tmut/Pois      3%         N/A       38%         3
 Starburst                Conj/Fire      2%         6d3       100%        6
 Disjunction              Tloc           1%         N/A       100%        8

Inventory:

Hand Weapons
 f - a +0 falchion of electrocution
   (You took it off Terence on level 2 of the Dungeon)
 w - a +2 dagger of electrocution
   (You took it off a goblin on level 4 of the Dungeon)
Missiles
 o - a throwing net {!f}
 s - a curare-tipped dart {!f}
 z - 8 poisoned darts
Armour
 a - a +0 robe (worn)
 j - a +0 pair of gloves (worn)
   (You found it on level 2 of the Dungeon)
Magical Staves
 m - a staff of fire (weapon)
   (You found it on level 2 of the Dungeon)
Wands
 t - a wand of flame (2) (quivered)
   (You found it on level 3 of the Dungeon)
 u - a wand of paralysis (5)
   (You found it on level 5 of the Dungeon)
Scrolls
 c - 2 scrolls of immolation {unknown}
 d - 3 scrolls of fear {unknown}
 h - a scroll of enchant armour {unknown}
 i - 2 scrolls of teleportation {@r4}
 l - 5 scrolls of identify {@r1}
 v - 2 scrolls of amnesia {unknown}
 y - a scroll of silence {unknown}
 B - a scroll of noise {unknown}
Potions
 b - 2 potions of degeneration {unknown}
 e - 5 potions of heal wounds {unknown}
 g - a potion of ambrosia {unknown}
 k - 3 potions of curing {unknown}
 n - a potion of brilliance {unknown}
 p - 2 potions of haste {unknown}
 q - a potion of invisibility
 r - 3 potions of cancellation {unknown}
 x - a potion of lignification {unknown}
 A - a potion of might {unknown}

Dungeon Overview and Level Annotations

Branches:
Dungeon (5/15)              Sewer (visited)
 Temple: D:4-7

Altars:
The Shining One

Annotations:
D:4 Grinder
D:5 4 runed translucent doors, Eustachio

.........###.#..###.
....##....####........#
.....#....##.......... ..
###..........#...#...##..
#...#..........##....<..
#..#..................$.
#.##....###............#
... #.....#.............#
.. ..........###@5....#
###........#.##Y....#
.........#......(.#
..................#
........!..........#
........@.........>.
##......#......#....
#.......#....####...
............## .##


You could see a sky beast and an iron imp (summoned).


Message History

Casting: Freeze (safe; 1% risk of failure)
Confirm with . or Enter, or press ? or * to list all spells.
Aiming: Freeze (safe; 1% risk of failure)
Press: ? - help, Shift-Dir - straight line, f/p - Eustachio
Aim: Eustachio, wielding a +1 rapier of draining and wearing a +0 leather armour (lightly wounded)
You freeze Eustachio. Eustachio hits you but does no damage.
You feel drained. The iron imp hits you.
Casting: Freeze (safe; 1% risk of failure)
Confirm with . or Enter, or press ? or * to list all spells.
Aiming: Freeze (safe; 1% risk of failure)
Press: ? - help, Shift-Dir - straight line, f/p - Eustachio
Aim: Eustachio, wielding a +1 rapier of draining and wearing a +0 leather armour (lightly wounded)
You freeze Eustachio.
Eustachio hits you with a +1 rapier of draining.
You feel drained.
The iron imp hits you but does no damage.
Casting: Freeze (safe; 1% risk of failure)
Confirm with . or Enter, or press ? or * to list all spells.
Aiming: Freeze (safe; 1% risk of failure)
Press: ? - help, Shift-Dir - straight line, f/p - Eustachio
Aim: Eustachio, wielding a +1 rapier of draining and wearing a +0 leather armour (moderately wounded)
You freeze Eustachio!
Eustachio hits you with a +1 rapier of draining.
You feel drained. The iron imp hits you.
The crimson imp blinks!
Casting: Freeze (safe; 1% risk of failure)
Confirm with . or Enter, or press ? or * to list all spells.
Aiming: Freeze (safe; 1% risk of failure)
Press: ? - help, Shift-Dir - straight line, f/p - Eustachio
Aim: Eustachio, wielding a +1 rapier of draining and wearing a +0 leather armour (heavily wounded)
You freeze Eustachio.
The sky beast hits you but does no damage.
Eustachio hits you but does no damage.
You feel drained.
The crimson imp blinks!
The iron imp barely misses you.
Casting: Freeze (safe; 1% risk of failure)
Confirm with . or Enter, or press ? or * to list all spells.
Aiming: Freeze (safe; 1% risk of failure)
Press: ? - help, Shift-Dir - straight line, f/p - Eustachio
Aim: Eustachio, wielding a +1 rapier of draining and wearing a +0 leather armour (heavily wounded)
You freeze Eustachio. The sky beast hits you. The sky beast shocks you.
* * * LOW HITPOINT WARNING * * *
Eustachio hits you with a +1 rapier of draining!
* * * LOW HITPOINT WARNING * * *
You feel drained.
* * * LOW HITPOINT WARNING * * *
Unknown command.
Unknown command.
Casting: Freeze (safe; 1% risk of failure)
Confirm with . or Enter, or press ? or * to list all spells.
Aiming: Freeze (safe; 1% risk of failure)
Press: ? - help, Shift-Dir - straight line, f/p - Eustachio
Aim: Eustachio, wielding a +1 rapier of draining and wearing a +0 leather armour (heavily wounded)
Okay, then.
Unknown command.
Eustachio mumbles some strange words.
Eustachio blinks!
Casting: Freeze (safe; 1% risk of failure)
Confirm with . or Enter, or press ? or * to list all spells.
Aiming: Freeze (safe; 1% risk of failure)
Press: ? - help, Shift-Dir - straight line, f - sky beast
Aim: a sky beast (slightly transparent)
You freeze the sky beast!
The sky beast hits you but does no damage.
Casting: Freeze (safe; 1% risk of failure)
Confirm with . or Enter, or press ? or * to list all spells.
Aiming: Freeze (safe; 1% risk of failure)
Press: ? - help, Shift-Dir - straight line, f/p - sky beast
Aim: a sky beast (moderately wounded, slightly transparent)
You freeze the sky beast.
The crimson imp disappears in a puff of smoke!
The sky beast hits you.
* * * LOW HITPOINT WARNING * * *
The sky beast shocks you.
* * * LOW HITPOINT WARNING * * *
Casting: Freeze (safe; 1% risk of failure)
Confirm with . or Enter, or press ? or * to list all spells.
Aiming: Freeze (safe; 1% risk of failure)
Press: ? - help, Shift-Dir - straight line, f/p - sky beast
Aim: a sky beast (moderately wounded, slightly transparent)
Okay, then.
Okay, then.
Casting: Freeze (safe; 1% risk of failure)
Confirm with . or Enter, or press ? or * to list all spells.
Casting: Frozen Ramparts (dangerous; 3% risk of failure)
Press: ? - help, Dir - look around, f - activate The walls around you are covered in ice.
The wall freezes the sky beast.
The sky beast barely misses you.
You barely miss the sky beast.
The wall freezes the sky beast!
The sky beast hits you but does no damage.
The iron imp resists.
The wall freezes the iron imp.
You closely miss the sky beast.
The wall freezes the sky beast.
The sky beast hits you but does no damage.
The wall freezes Eustachio!
You hit the sky beast but do no damage.
The wall freezes the sky beast.
The sky beast hits you.
* * * LOW HITPOINT WARNING * * *
The sky beast shocks you.
You die...

Skill      XL: |  1  2  3  4  5  6  7 |
---------------+----------------------+-----
Fighting       | 1 2 3 4 |  4.2
Spellcasting   | 3 4 |  4.4
Ice Magic      | 4 5 6 |  6.2
Staves         | 1 3 |  3.2
Dodging        | |  1.5
Stealth        | |  1.2

Action                   |  1- 3 |  4- 6 |  7- 9 || total
-------------------------+-------+-------+-------++-------
Melee: Unarmed           |    10 |       |       ||    10
       Punch             |     1 |       |     3 ||     4
       Staff             |     3 |    25 |    78 ||   106
       Tailslap          |       |     4 |    16 ||    20
Throw: Throwing net      |     1 |     1 |     1 ||     3
 Cast: Freeze            |    38 |    65 |    62 ||   165
       Frozen Ramparts   |       |     7 |    10 ||    17
       Ozocubu's Armour  |       |       |     1 ||     1
 Abil: Rolling Charge    |       |     1 |       ||     1
Evoke: Wand              |       |       |    16 ||    16
  Use: Scroll            |       |       |     2 ||     2
Armor: Robe              |    18 |    19 |    67 ||   104
Dodge: Dodged            |    16 |    31 |    82 ||   129

Levels and vault maps discovered:
D:1:      dpeg_arrival_connections, layout_loops_cross
D:2:      layout_basic, shapermc_ecumenical_altar_petra,
          chequers_serial_rivers_room_a, uniq_sigmund, uniq_terence
D:3:      layout_loops_ring, lemuel_crystal_altar, gup_sewer_entry_bowl,
          minmay_statues_item
D:4:      kennysheep_six_static_rooms, layout_basic, uniq_grinder
D:5:      layout_cave_pools, nicolae_wu_jian_glorious_leap,
          minmay_hollow_rounded_squares, uniq_eustachio

Notes
Turn   | Place    | Note
-------+----------+-------------------------------------------
     0 | D:1      | MalarOregon the Palentonga Ice Elementalist began the quest
                  | for the Orb.
     0 | D:1      | Reached XP level 1. HP: 13/13 MP: 3/3
   577 | D:1      | Reached XP level 2. HP: 21/21 MP: 3/5
   843 | D:2      | Noticed Sigmund
   883 | D:2      | Reached skill level 1 in Fighting
   927 | D:2      | Reached XP level 3. HP: 16/27 MP: 1/6
  1353 | D:2      | Killed Sigmund
  1354 | D:2      | Reached skill level 2 in Fighting
  1354 | D:2      | Reached skill level 3 in Spellcasting
  1354 | D:2      | Reached skill level 4 in Ice Magic
  1354 | D:2      | Reached XP level 4. HP: 22/36 MP: 0/8
  1354 | D:2      | Reached XP level 5. HP: 26/41 MP: 0/9
  1481 | D:2      | Noticed Terence
  1555 | D:2      | Killed Terence
  1665 | D:2      | Learned a level 3 spell: Frozen Ramparts
  1669 | D:2      | Learned a level 3 spell: Ozocubu's Armour
  1862 | D:2      | Got the Handbook of Displaced Combat Magic
  1867 | D:2      | Learned a level 3 spell: Mephitic Cloud
  1928 | D:2      | Found a faded altar of an unknown god.
  2470 | D:3      | Reached XP level 6. HP: 49/49 MP: 6/10
  2527 | D:3      | Found a glowing drain.
  2531 | Sewer    | Entered a sewer
  2695 | Sewer    | Reached skill level 1 in Staves
  2785 | Sewer    | Reached skill level 5 in Ice Magic
  2828 | Sewer    | Reached skill level 3 in Fighting
  3282 | Sewer    | Gained mutation: You curl defensively after being hit. (AC
                  | +7*) [Palentonga growth]
  3282 | Sewer    | Reached XP level 7. HP: 46/55 MP: 7/12
  3710 | D:3      | Reached skill level 2 in Staves
  3775 | D:3      | You pick up a book of Changes and begin reading...
  3775 | D:3      | You add the spells Beastly Appendage, Wereblood and Spider
                  | Form to your library.
  3861 | D:3      | Found a glowing golden altar of the Shining One.
  4716 | D:4      | Noticed Grinder
  5510 | D:4      | Reached skill level 4 in Spellcasting
  5678 | D:5      | Entered Level 5 of the Dungeon
  5895 | D:5      | Reached skill level 4 in Fighting
  5895 | D:5      | Reached skill level 6 in Ice Magic
  5948 | D:5      | Reached skill level 3 in Staves
  5997 | D:5      | Reached XP level 8. HP: 34/64 MP: 11/14
  6241 | D:5      | Found a large runed translucent door.
  6242 | D:5      | Found a large runed translucent door.
  6259 | D:5      | Found a large runed translucent door.
  6259 | D:5      | Found a large runed translucent door.
  6375 | D:5      | Noticed Eustachio
  6392 | D:5      | HP: 10/55 [sky beast (5)]
  6396 | D:5      | Slain by a sky beast

Vanquished Creatures
  Sigmund (D:2)
  An ice beast (D:5)
  3 kobold brigands (Sewer)
  3 scorpions
  A centaur zombie (D:5)
  A hound (D:5)
  Terence (D:2)
  2 iguanas (D:5)
  2 orc wizards (D:3)
  A hound skeleton (D:4)
  A howler monkey skeleton (D:5)
  13 adders
  4 river rats (Sewer)
  A white imp (D:5)
  An adder skeleton (D:4)
  5 worms
  A dart slug (D:2)
  6 orcs (D:3)
  6 bats
  4 endoplasms
  6 giant cockroaches
  7 goblins
  5 hobgoblins
  3 jackals (Sewer)
  2 quokkas
  12 ball pythons
  3 frilled lizards
  4 kobolds
  11 rats
111 creatures vanquished.

Vanquished Creatures (others)
  3 plants (Sewer)
3 creatures vanquished.

Grand Total: 114 creatures vanquished

Table legend:
 A = Non-vault XP
 B = Vault XP
 C = Vault XP percentage of total XP
 D = Non-vault monster count
 E = Vault monster count
 F = Vault count percentage of total count
                 A         B        C        D         E       F
            +---------+---------+-------+---------+---------+-------
      Total |     884 |     704 |  44.3 |      73 |      38 |  34.2
            +---------+---------+-------+---------+---------+-------
        D:1 |      17 |       0 |   0.0 |      11 |       0 |   0.0
        D:2 |     100 |     261 |  72.3 |      19 |       2 |   9.5
        D:3 |     134 |       7 |   5.0 |      20 |       3 |  13.0
        D:4 |     145 |      25 |  14.7 |      13 |       6 |  31.6
        D:5 |     488 |       0 |   0.0 |      10 |       0 |   0.0
      Sewer |       0 |     411 | 100.0 |       0 |      27 | 100.0
            +---------+---------+-------+---------+---------+-------

Illustrated notes

Table legend:
 A = Kills in this place as a percentage of kills in entire the game.
 B = Kills by you in this place as a percentage of kills by you in the entire game.
 C = Kills by friends in this place as a percentage of kills by friends in the entire game.
 D = Other kills in this place as a percentage of other kills in the entire game.
 E = Experience gained in this place as a percentage of experience gained in the entire game.
 F = Experience gained in this place divided by the number of levels of this place that you have seen.
                   A       B       C       D       E      F
               +-------+-------+-------+-------+-------+----------------------
         Total | 100.0 | 100.0 |   N/A |   N/A | 100.0 | 264.7
       Dungeon |  75.7 |  75.7 |   N/A |   N/A |  74.1 | 235.4
         Sewer |  24.3 |  24.3 |   N/A |   N/A |  25.9 | 411.0
               +-------+-------+-------+-------+-------+----------------------

Table legend: (Time is in decaauts)
 A = Elapsed time spent in this place.
 B = Non-inter-level travel time spent in this place.
 C = Inter-level travel time spent in this place.
 D = Time resting spent in this place.
 E = Time spent auto-exploring this place.
 F = Levels seen in this place.
 G = Mean time per level.
                   A        B        C        D        E       F      G
               +--------+--------+--------+--------+--------+-----+--------+
         Total |   6576 |   6487 |     89 |    594 |   4712 |   6 | 1096.0 |
       Dungeon |   5252 |   5163 |     89 |    406 |   3911 |   5 | 1050.4 |
         Sewer |   1324 |   1324 |      0 |    188 |    801 |   1 | 1324.0 |
               +--------+--------+--------+--------+--------+-----+--------+

Top non-repeatable levels by time:
     D:2: 1594 daAuts
   Sewer: 1324 daAuts
     D:3: 1198 daAuts
     D:4: 909 daAuts
     D:1: 830 daAuts
     D:5: 719 daAuts
